[Event "Titled Tuesday Blitz December 06 Early 2022"]
[White "Boyer, Mahel"]
[Black "Hansen, Eric"]
[WhiteFideId "45102422"]
[BlackFideId "2606771"]
[WhiteElo "2455"]
[BlackElo "2568"]
[Result "0-1"]
[Round "09"]
[TimeControl "180+1"]
[Date "2022.12.06"]
[WhiteClock "0:00:04"]
[BlackClock "0:00:29"]

1. e4 c5 2. d3 d5 3. exd5 Qxd5 4. Nc3 Qd7 5. Nf3 Nc6 6. g3 b6 7. Bg2 Bb7 8. a4 Rd8 9. O-O e6 10. Re1 Nf6 11. Nd2 Nd4 12. Nc4 Bxg2 13. Kxg2 Be7 14. Be3 Qb7+ 15. f3 Nf5 16. Bf2 O-O 17. Qe2 Nd5 18. Ne4 Nb4 19. Red1 Rfe8 20. c3 Nd5 21. f4 Bf8 22. Qf3 Qc7 23. Re1 h6 24. Kg1 Nfe7 25. Re2 Nc6 26. Rae1 Re7 27. f5 exf5 28. Qxf5 Qd7 29. Qf3 f5 30. Ned6 Nf6 31. Nxf5 Rxe2 32. Rxe2 Qxd3 33. Qxd3 Rxd3 34. Nxh6+ gxh6 35. Re6 Ng4 36. Rg6+ Bg7 37. Rxg4 Rd1+ 38. Kg2 Ra1 39. Ne3 Kf7 40. Nf5 Bf8 41. Rf4 Ke6 42. Ne3 Bd6 43. Re4+ Kf7 44. Nc4 Bf8 45. Rf4+ Kg8 46. Ne3 Ne5 47. Nd5 Nd3 48. Nf6+ Kf7 49. Rf3 Ne5 50. Rf5 Ke6 51. g4 Nxg4 52. Nxg4 Kxf5 53. Ne3+ Ke4 54. a5 Rxa5 55. Nc4 Ra2 56. Kh3 b5 57. Nd2+ Kd3 58. Nf3 Rxb2 59. Bxc5 Bxc5 60. Ne5+ Ke4 61. Nc4 bxc4 0-1


[Site "https://www.chess.com"]

[Event "Titled Tuesday Blitz December 06 Early 2022"]
[White "Chernov, Mikhail"]
[Black "Golubev, Mikhail"]
[WhiteFideId "24143170"]
[BlackFideId "14100983"]
[WhiteElo "2113"]
[BlackElo "2374"]
[Result "0-1"]
[Round "09"]
[TimeControl "180+1"]
[Date "2022.12.07"]
[WhiteClock "0:00:01"]
[BlackClock "0:00:01"]

1. e4 c5 2. Nf3 g6 3. d4 cxd4 4. Nxd4 Bg7 5. Nc3 Nc6 6. Be3 Nf6 7. Be2 O-O 8. O-O d5 9. exd5 Nxd5 10. Nxd5 Nxd4 11. Bxd4 Qxd5 12. Bxg7 Qxd1 13. Raxd1 Kxg7 14. Bf3 Be6 15. b3 Rac8 16. c4 Rc7 17. a4 a5 18. Bd5 Bc8 19. Rfe1 b6 20. f4 Rd8 21. Kf2 Bf5 22. Bf3 Rxd1 23. Bxd1 Rd7 24. Bf3 Rd2+ 25. Kg3 Rb2 26. Rxe7 Rxb3 27. Kf2 Be6 28. Bd5 Bxd5 29. cxd5 Rb4 30. Rb7 Rxf4+ 31. Ke3 Rxa4 32. Rxb6 Rb4 33. Ra6 Rb5 34. Kd4 Kf8 35. Kc4 Rb2 36. Rxa5 Rxg2 37. Kc5 Rxh2 38. Ra8+ Kg7 39. d6 Rd2 40. Kc6 h5 41. d7 h4 42. Ra5 Rxd7 43. Kxd7 Kf6 44. Kd6 g5 45. Kd5 Kf5 46. Kd4+ Kf4 47. Kd3 h3 48. Ke2 h2 49. Ra1 Kg3 50. Kf1 h1=Q+ 0-1


[Site "https://www.chess.com"]

[Event "Titled Tuesday Blitz December 06 Early 2022"]
[White "Ciuffoletti, Paolo"]
[Black "Gatterer, Florian"]
[WhiteFideId "807630"]
[BlackFideId "811688"]
[WhiteElo "2143"]
[BlackElo "2218"]
[Result "0-1"]
[Round "09"]
[TimeControl "180+1"]
[Date "2022.12.07"]
[WhiteClock "0:00:18"]
[BlackClock "0:01:04"]

1. e4 c6 2. d4 d5 3. exd5 cxd5 4. c4 Nf6 5. Nc3 Nc6 6. Nf3 a6 7. cxd5 Nxd5 8. Qb3 Be6 9. Nxd5 Bxd5 10. Bc4 Na5 11. Qa4+ b5 12. Bxb5+ axb5 13. Qxb5+ Nc6 14. Ne5 Qa5+ 15. Qxa5 Rxa5 16. Bd2 Ra8 17. Bc3 Nxe5 18. dxe5 e6 19. O-O Bc5 20. b4 Be7 21. a4 O-O 22. Bd4 Bxb4 23. Rfb1 Ba5 24. f3 h6 25. Kf2 Rfc8 26. Ke3 Rc4 27. Rb5 Bc6 28. Rc5 Rxc5 29. Bxc5 Bc7 30. Bd4 Rxa4 31. Rc1 Ra6 32. g4 Bd8 33. f4 Be7 34. Rb1 Ra3+ 35. Kf2 Rf3+ 36. Ke2 Rxf4 37. Rb8+ Kh7 0-1


[Site "https://www.chess.com"]

[Event "Titled Tuesday Blitz December 06 Early 2022"]
[White "Clawitter, Craig"]
[Black "Van Osch, Mees"]
[WhiteFideId "2023105"]
[BlackFideId "1035967"]
[WhiteElo "2175"]
[BlackElo "2324"]
[Result "1-0"]
[Round "09"]
[TimeControl "180+1"]
[Date "2022.12.07"]
[WhiteClock "0:00:07"]
[BlackClock "0:00:14"]

1. e4 e6 2. d4 d5 3. e5 c5 4. c3 Bd7 5. Nf3 Qb6 6. Bd3 Bb5 7. dxc5 Bxc5 8. b4 Be7 9. O-O Bxd3 10. Qxd3 Nh6 11. Bxh6 gxh6 12. Nd4 Nc6 13. Nxc6 Qxc6 14. Nd2 O-O-O 15. Nb3 Qc4 16. Qf3 Rhg8 17. Nd4 Bxb4 18. cxb4 Qxd4 19. Qxf7 Kb8 20. Qxe6 Rg6 21. Qf5 Rg5 22. Qf7 Qxe5 23. Rac1 Rg7 24. Qf3 Rdg8 25. g3 h5 26. Rfe1 Qd6 27. Red1 Rg5 28. Rd3 h4 29. Rcd1 hxg3 30. hxg3 Rf8 31. Rxd5 Rxd5 32. Rxd5 Qxb4 33. Qe3 a6 34. Qe5+ Ka8 35. Qd6 Qb1+ 36. Kg2 Qe4+ 37. Kg1 Qe1+ 38. Kg2 Rxf2+ 39. Kh3 Qh1+ 40. Kg4 Qe4+ 41. Kh3 Qg2+ 42. Kg4 Qf3+ 43. Kh3 Qh1+ 44. Kg4 Rf8 45. Qxf8+ Ka7 46. Qf2+ Kb8 47. Qf4+ Ka8 48. Rd8+ Ka7 49. Qd4+ b6 50. Qd7+ Qb7 51. Qxb7+ Kxb7 52. Rd7+ Kc6 53. Rxh7 Kb5 54. Kf4 Kb4 55. g4 a5 56. g5 b5 57. g6 Ka3 58. Rh2 b4 59. g7 a4 60. g8=Q 1-0


[Site "https://www.chess.com"]

[Event "Titled Tuesday Blitz December 06 Early 2022"]
[White "Csonka, Balazs"]
[Black "Osinovsky, Stepan"]
[WhiteFideId "742910"]
[BlackFideId "4157354"]
[WhiteElo "2404"]
[BlackElo "2222"]
[Result "1-0"]
[Round "09"]
[TimeControl "180+1"]
[Date "2022.12.07"]
[WhiteClock "0:00:05"]
[BlackClock "0:00:15"]

1. e4 e5 2. Nf3 Nc6 3. d4 exd4 4. Nxd4 Bc5 5. Be3 Qf6 6. c3 b6 7. Bb5 Bb7 8. O-O O-O-O 9. a4 Nge7 10. a5 d5 11. axb6 Bxb6 12. Nxc6 Bxc6 13. Bxb6 Bxb5 14. Bd4 Qg6 15. Re1 dxe4 16. Rxa7 Nc6 17. Ra8+ Kb7 18. Rxd8 Rxd8 19. Na3 Nxd4 20. cxd4 Bd3 21. Qb3+ Qb6 22. Qxf7 Qxd4 23. Rc1 Rd7 24. Qb3+ Qb6 25. Qc3 Rf7 26. Qd2 Qb3 27. Rc3 Qd5 28. Nc2 Rd7 29. Ne3 Qb5 30. h3 Rd6 31. Ra3 Rb6 32. b3 Qb4 33. Qa2 Qe1+ 34. Kh2 Qxf2 35. Qxf2 1-0


[Site "https://www.chess.com"]

[Event "Titled Tuesday Blitz December 06 Early 2022"]
[White "Daneshvar, Bardiya"]
[Black "Paravyan, David"]
[WhiteFideId "12576468"]
[BlackFideId "4194985"]
[WhiteElo "2429"]
[BlackElo "2551"]
[Result "1-0"]
[Round "09"]
[TimeControl "180+1"]
[Date "2022.12.06"]
[WhiteClock "0:00:09"]
[BlackClock "0:00:07"]

1. Nf3 Nf6 2. c4 g6 3. Nc3 d5 4. cxd5 Nxd5 5. h4 Bg7 6. e4 Nxc3 7. dxc3 Qxd1+ 8. Kxd1 Nd7 9. Nd4 Nc5 10. f3 h5 11. Be3 Bd7 12. Kc2 Ne6 13. Bc4 Nxd4+ 14. cxd4 e6 15. b4 Ba4+ 16. Bb3 Bxb3+ 17. axb3 Kd7 18. b5 Rhc8 19. Kd3 c6 20. bxc6+ Rxc6 21. Rhc1 Rxc1 22. Rxc1 a5 23. Bf4 a4 24. bxa4 Rxa4 25. Rc7+ Ke8 26. e5 Ra3+ 27. Ke2 Ra2+ 28. Kf1 Ra8 29. Rxb7 Bf8 30. Bg5 Ba3 31. Ke2 Rc8 32. Kd3 Bc1 33. Bf6 Kf8 34. g4 Kg8 35. Ke4 Bh6 36. gxh5 gxh5 37. f4 Bf8 38. f5 Re8 39. Kf4 Bh6+ 40. Bg5 Bg7 41. Ke4 Bf8 42. Rb1 Bg7 43. Rg1 Kh7 44. f6 Bf8 45. Be3 Ra8 46. Rg5 Ra1 47. Rxh5+ Kg8 48. Rg5+ Kh7 49. Rg2 Re1 50. Kf3 Rf1+ 51. Ke2 Rh1 52. Rg4 Rh3 53. Re4 Kg6 54. Rg4+ Kf5 55. Rf4+ Kg6 56. Rg4+ Kf5 57. Rg8 Ba3 58. Rg5+ Ke4 59. Rg4+ Kd5 60. Bf2 Bb2 61. Kf1 Rh1+ 62. Kg2 Rd1 63. h5 Rc1 64. Kf3 Rc8 65. Rg7 Rh8 66. Rxf7 Rxh5 67. Rd7+ Kc4 68. f7 Rf5+ 69. Ke2 Ba3 70. Be3 Bf8 71. Rc7+ Kd5 72. Kd3 Rf3 73. Ke2 Ke4 74. Bg5 Rf5 75. Bf6 Bh6 76. Rc8 Kxd4 77. f8=Q Bxf8 78. Rxf8 Rh5 79. Kf3 Rh1 80. Rd8+ Kc5 81. Kg4 Rg1+ 82. Kh5 Kc4 83. Rd6 Kc5 84. Rxe6 Kd5 85. Rd6+ Ke4 86. e6 Kf5 87. e7 Re1 88. Bh4 Re5 89. Kh6 Kg4 90. Bf6 Re2 91. Kg6 Kf4 92. Kf7 Re4 93. Re6 Rc4 94. e8=Q Re4 95. Rxe4+ Kf5 96. Qe5# 1-0


[Site "https://www.chess.com"]

[Event "Titled Tuesday Blitz December 06 Early 2022"]
[White "Devaev, Alexander"]
[Black "Tarlabasi, Emirhan"]
[WhiteFideId "4169395"]
[BlackFideId "6350275"]
[WhiteElo "2225"]
[BlackElo "2200"]
[Result "0-1"]
[Round "09"]
[TimeControl "180+1"]
[Date "2022.12.07"]
[WhiteClock "0:00:02"]
[BlackClock "0:00:16"]

1. Nf3 c5 2. c4 Nf6 3. Nc3 e6 4. e3 b6 5. Be2 Bb7 6. O-O Be7 7. b3 O-O 8. Bb2 d6 9. d4 cxd4 10. Nxd4 Nbd7 11. Bf3 Qc8 12. Bxb7 Qxb7 13. Qf3 Qxf3 14. gxf3 Rac8 15. Rfd1 a6 16. Rd2 Rfd8 17. Rad1 g6 18. Na4 d5 19. cxd5 Nxd5 20. Ne2 b5 21. Nac3 N7f6 22. Nxd5 Nxd5 23. Ng3 h5 24. Ne4 Bb4 25. Rd3 Rc2 26. Be5 Rdc8 27. a4 bxa4 28. bxa4 Be7 29. f4 Ra2 30. Rd4 f6 31. Rxd5 exd5 32. Nxf6+ Bxf6 33. Bxf6 Rcc2 34. Bh4 Rd2 35. Rc1 Rxa4 36. Rc8+ Kf7 37. Rc7+ Ke6 38. Rc6+ Kf5 39. Rf6+ Ke4 40. Rxg6 d4 41. exd4 Raxd4 42. Kg2 Rd6 43. Rg5 R2d5 44. Rg8 a5 45. Ra8 Rg6+ 46. Bg3 h4 47. f5 Rxf5 48. Re8+ Kd5 49. Ra8 hxg3 50. Rxa5+ Ke4 51. Ra4+ Kd3 52. hxg3 Rgf6 53. Ra3+ Ke4 54. Ra2 Rf3 55. Re2+ Kd4 56. Rd2+ Ke5 57. Re2+ Kd5 58. Rd2+ Ke6 59. Re2+ Kf7 60. Rd2 Kg6 61. Ra2 R3f5 62. Re2 Kg5 63. Rb2 Kg4 64. Rb4+ Kg5 65. Rb2 Rc5 66. Re2 Rc4 67. Re5+ Kg4 68. Re2 Rf5 69. Ra2 Rf3 70. Ra8 Rf5 71. Ra2 Rd5 72. Re2 Rdd4 73. Ra2 Rd5 74. Re2 Rdc5 75. Re8 Rc8 76. Re2 R4c5 77. Re4+ Kg5 78. Re2 Rc4 79. Re5+ Kf6 80. Re2 Rh8 81. Ra2 Rc5 82. Ra6+ Kg5 83. Ra2 Rb5 84. Re2 Rh5 85. Ra2 Rb4 86. Ra5+ Kg6 87. Ra2 Rb6 88. Re2 Rb7 89. Ra2 Rbh7 90. Ra6+ Kf5 91. Ra5+ Ke4 92. Ra4+ Kd3 93. Ra3+ Kc4 94. Ra4+ Kb5 95. Rf4 Rh2+ 96. Kf3 Rd7 97. g4 Rd2 98. Kg3 Rh1 0-1


[Site "https://www.chess.com"]

[Event "Titled Tuesday Blitz December 06 Early 2022"]
[White "Donskov, Anatoly"]
[Black "Fabris, Alberto"]
[WhiteFideId "24143413"]
[BlackFideId "801348"]
[WhiteElo "2219"]
[BlackElo "2193"]
[Result "0-1"]
[Round "09"]
[TimeControl "180+1"]
[Date "2022.12.07"]
[WhiteClock "0:00:29"]
[BlackClock "0:00:43"]

1. e4 c5 2. Nf3 d6 3. d4 cxd4 4. Nxd4 Nf6 5. Nc3 a6 6. f4 e6 7. Qf3 Be7 8. Be3 Qc7 9. O-O-O Nbd7 10. g4 Nc5 11. g5 Nfd7 12. Qh3 b5 13. a3 Bb7 14. Bd3 O-O-O 15. Kb1 Kb8 16. Qh5 g6 17. Qe2 Rc8 18. h4 Qa5 19. Bd2 Nxd3 20. cxd3 Qb6 21. Be3 Qa5 22. Nb3 Qc7 23. Rc1 Nc5 24. Nd4 Qd7 25. h5 d5 26. e5 Na4 27. Nxa4 bxa4 28. Ka2 Rxc1 29. Rxc1 Rc8 30. Rxc8+ Qxc8 31. h6 Bc5 32. Nc2 Be7 33. Bd4 Qc7 34. Qd2 Bc6 35. Qc3 Bb5 36. Qxc7+ Kxc7 37. Ne1 Kc6 38. b4 axb3+ 39. Kxb3 a5 40. a4 Ba6 41. Kc3 Bb4+ 42. Kc2 Bxe1 43. Be3 Bb4 44. d4 Be1 45. Bd2 Bf2 46. Bc3 Kb6 47. Kb3 Bb7 48. Kc2 Bc6 49. Kb3 Bb5 50. axb5 Kxb5 51. Ka3 a4 52. Bd2 Bxd4 0-1


[Site "https://www.chess.com"]

[Event "Titled Tuesday Blitz December 06 Early 2022"]
[White "Durarbayli, Vasif"]
[Black "Ohanyan, Emin"]
[WhiteFideId "13402935"]
[BlackFideId "13312022"]
[WhiteElo "2576"]
[BlackElo "2352"]
[Result "0-1"]
[Round "09"]
[TimeControl "180+1"]
[Date "2022.12.06"]
[WhiteClock "0:00:03"]
[BlackClock "0:00:16"]

1. e4 e5 2. Nf3 Nc6 3. Bb5 f5 4. d3 fxe4 5. dxe4 Nf6 6. Be3 Bd6 7. Qd3 Qe7 8. Nc3 Bb4 9. O-O-O Bxc3 10. Qxc3 Nxe4 11. Qb3 Nf6 12. Qc3 O-O 13. Bxc6 bxc6 14. Qxe5 Qf7 15. Kb1 d6 16. Qa5 c5 17. Ng5 Qg6 18. h4 h6 19. Nh3 Bf5 20. Rc1 Rab8 21. Nf4 Qf7 22. f3 Bh7 23. Rhe1 Nd7 24. Qxc7 Rb6 25. Qxa7 Rfb8 26. Qa3 Rxb2+ 27. Qxb2 Rxb2+ 28. Kxb2 Nb6 29. Ka1 Bf5 30. Ne2 Be6 31. Rb1 Na4 32. Rb8+ Kh7 33. Ra8 Nb6 34. Ra6 Qb7 35. Ra3 Nc4 36. Rb3 Qa6 37. Bc1 Ne3 38. Bxe3 Bxb3 39. cxb3 Qd3 40. Bc1 Qc2 41. Nf4 Qc3+ 42. Kb1 Qxe1 43. a4 Qd1 44. Kb2 d5 45. a5 c4 46. bxc4 dxc4 47. a6 Qb3+ 48. Ka1 c3 49. Ne2 Qa4+ 50. Kb1 Qb5+ 51. Kc2 Qxe2+ 52. Kxc3 Qxa6 0-1


[Site "https://www.chess.com"]

[Event "Titled Tuesday Blitz December 06 Early 2022"]
[White "Dushyant Sharma"]
[Black "Muminova, Nafisa"]
[WhiteFideId "25065130"]
[BlackFideId "14201526"]
[WhiteElo "2280"]
[BlackElo "2258"]
[Result "1-0"]
[Round "09"]
[TimeControl "180+1"]
[Date "2022.12.07"]
[WhiteClock "0:00:18"]
[BlackClock "0:00:02"]

1. e4 e6 2. d4 d5 3. exd5 exd5 4. Bd3 Bd6 5. Nf3 Bg4 6. O-O Nc6 7. c3 Nge7 8. Be3 Qd7 9. Nbd2 f6 10. a4 O-O-O 11. b4 Rde8 12. a5 Kb8 13. b5 Nd8 14. b6 cxb6 15. axb6 a6 16. c4 g5 17. c5 Bf4 18. Bxf4+ gxf4 19. Bxa6 bxa6 20. Rxa6 Ndc6 21. Qa4 Qb7 22. Ra1 Kc8 23. Ra8+ Kd7 24. Ra7 Qxa7 25. bxa7 Ra8 26. Qa6 Rxa7 27. Qf1 Rha8 28. Rxa7+ Rxa7 29. h3 Bf5 30. Qc1 Nb4 31. Kh2 Nec6 32. Nh4 Nd3 33. Qb1 Be4 34. f3 f5 35. fxe4 fxe4 36. Nf5 Ndb4 37. Nxe4 dxe4 38. Qxe4 Ra2 39. d5 Rd2 40. Qe6+ Kc7 41. Qd6+ Kb7 42. dxc6+ Nxc6 43. Qxd2 1-0


[Site "https://www.chess.com"]

[Event "Titled Tuesday Blitz December 06 Early 2022"]
[White "Farmani Anosheh, Armin"]
[Black "Averjanov, Alexey"]
[WhiteFideId "24613240"]
[BlackFideId "14109867"]
[WhiteElo "2289"]
[BlackElo "2696"]
[Result "1-0"]
[Round "09"]
[TimeControl "180+1"]
[Date "2022.12.07"]
[WhiteClock "0:00:08"]
[BlackClock "0:00:04"]

1. d4 d5 2. c4 dxc4 3. e4 Nf6 4. e5 Nd5 5. Bxc4 Nb6 6. Bd3 Nc6 7. Ne2 Nb4 8. Be4 N4d5 9. Nbc3 Be6 10. O-O Qd7 11. a4 a5 12. Nf4 Nxf4 13. Bxf4 Nd5 14. Bd2 c6 15. Re1 g6 16. Qc1 Bg7 17. Bh6 O-O 18. h4 Rfd8 19. Bxg7 Kxg7 20. h5 Rac8 21. Qg5 h6 22. Qg3 g5 23. Bxd5 Bxd5 24. f4 f6 25. Kh2 Rf8 26. Re3 Rce8 27. Rae1 Kh8 28. Nxd5 cxd5 29. fxg5 fxg5 30. e6 Qxa4 31. Qe5+ Kg8 32. Qxd5 Qc2 33. R1e2 Qf5 34. Qxf5 Rxf5 35. Re5 Rxe5 36. Rxe5 Rd8 37. Rxa5 Rxd4 38. Rb5 Rd6 39. Rxb7 Rxe6 40. Kg3 Kf7 41. Kf3 Kf6 42. g4 Rc6 43. Rb5 Rc4 44. Kg3 e6 45. Rb8 Ke5 46. Rh8 Rb4 47. Rxh6 Rb3+ 48. Kf2 Rxb2+ 49. Kf3 Rb3+ 50. Kf2 Rh3 51. Rg6 Kf4 52. Rxe6 Kxg4 53. h6 Rh2+ 54. Kg1 Rh4 55. Ra6 Kf5 56. Kg2 g4 57. Kg3 Rh3+ 58. Kg2 Kg5 59. Rb6 Ra3 60. Rc6 Ra2+ 61. Kg3 Ra3+ 62. Kg2 Ra7 63. Rb6 Re7 64. Ra6 Kh4 65. Rg6 Re2+ 66. Kf1 Re7 67. Rg7 Re8 68. h7 Rh8 69. Kg2 Kh5 70. Ra7 Kh4 71. Rb7 Rd8 72. Rd7 Rh8 73. Rg7 Rd8 74. Rg8 Rd2+ 75. Kf1 Rd1+ 76. Ke2 Rd5 77. h8=Q+ Kg3 78. Qc3+ Kg2 79. Re8 Rf5 80. Re3 Kh2 81. Rg3 Re5+ 82. Kd2 Kh1 83. Re3 Rf5 84. Kc2 Rf2+ 85. Kb3 Rg2 86. Qe1+ Kh2 87. Qh4+ Kg1 88. Re1# 1-0


[Site "https://www.chess.com"]

[Event "Titled Tuesday Blitz December 06 Early 2022"]
[White "Fernandez Hernandez, Gerardo"]
[Black "Tarnowska, Aleksandra"]
[WhiteFideId "2207400"]
[BlackFideId "1180967"]
[WhiteElo "2186"]
[BlackElo "1776"]
[Result "0-1"]
[Round "09"]
[TimeControl "180+1"]
[Date "2022.12.07"]
[WhiteClock "0:00:07"]
[BlackClock "0:00:12"]

1. e4 c5 2. d3 e6 3. g3 Nc6 4. Bg2 Qc7 5. Nf3 Nf6 6. O-O Be7 7. Re1 d6 8. c3 O-O 9. d4 cxd4 10. cxd4 d5 11. e5 Nd7 12. Nc3 a6 13. Bg5 Bxg5 14. Nxg5 h6 15. Nf3 Rd8 16. Rc1 Nf8 17. h4 b5 18. Bf1 Bb7 19. Bd3 Qb6 20. b3 Rac8 21. Bb1 Ne7 22. Qd3 Rc7 23. Ne2 Rdc8 24. Rxc7 Rxc7 25. Rc1 Rxc1+ 26. Nxc1 Qc6 27. Ne2 b4 28. Qc2 Qb6 29. Ne1 Nc6 30. Qd2 a5 31. f4 Ba6 32. Bd3 Nxd4 33. Bxa6 Nf3+ 34. Kg2 Nxd2 35. Bd3 Qe3 36. h5 Ne4 37. Bxe4 Qxe4+ 38. Kf2 d4 39. Ng2 d3 40. Ng1 d2 41. Ne3 Qb1 42. Ke2 Qe1+ 43. Kf3 d1=Q+ 0-1


[Site "https://www.chess.com"]

[Event "Titled Tuesday Blitz December 06 Early 2022"]
[White "Flis, Pawel"]
[Black "Lakshmi C"]
[WhiteFideId "1112864"]
[BlackFideId "25035347"]
[WhiteElo "1817"]
[BlackElo "1942"]
[Result "0-1"]
[Round "09"]
[TimeControl "180+1"]
[Date "2022.12.07"]
[WhiteClock "0:00:12"]
[BlackClock "0:00:05"]

1. e4 c5 2. Nf3 Nc6 3. d4 cxd4 4. Nxd4 Nf6 5. Nc3 e5 6. Ndb5 d6 7. Bg5 a6 8. Na3 b5 9. Nd5 Be7 10. Bxf6 Bxf6 11. c3 Ne7 12. Nxf6+ gxf6 13. Bd3 Bb7 14. O-O d5 15. exd5 Qxd5 16. f3 f5 17. Qe2 O-O-O 18. Kh1 Qxd3 19. Qxe5 Qd6 20. Qg7 Rhg8 21. Qxf7 Qd2 22. Rg1 Qd7 23. h3 Bd5 24. Qf6 Rg6 25. Qd4 Qc6 26. Qf2 f4 27. Nc2 Nf5 28. Nb4 Qb7 29. Rad1 Ne3 30. Rd4 Rxg2 31. Rxg2 Bxf3 32. Rxd8+ Kxd8 33. Qd2+ Qd7 34. Qxd7+ Kxd7 35. Nd3 Bxg2+ 36. Kh2 f3 37. Kg1 Nc4 38. b3 Nd6 39. Kf2 Ne4+ 40. Ke3 Nxc3 41. Ne5+ Ke6 42. Nxf3 Bxf3 43. Kxf3 Nxa2 44. Ke4 Nc1 45. b4 Na2 46. Kd4 Nxb4 47. Kc5 Nc2 48. Kb6 b4 49. Kxa6 b3 50. Kb5 b2 51. Kc4 b1=Q 52. Kd3 Qb3+ 53. Kd2 Nd4 54. h4 Qc2+ 55. Ke1 Qe2# 0-1


[Site "https://www.chess.com"]

[Event "Titled Tuesday Blitz December 06 Early 2022"]
[White "Forgacs, Attila Jr."]
[Black "Zaksaite, Salomeja"]
[WhiteFideId "773654"]
[BlackFideId "12801496"]
[WhiteElo "2168"]
[BlackElo "2079"]
[Result "0-1"]
[Round "09"]
[TimeControl "180+1"]
[Date "2022.12.07"]
[WhiteClock "0:01:02"]
[BlackClock "0:00:20"]

1. e4 c5 2. d3 Nc6 3. g3 g6 4. Bg2 Bg7 5. f4 e6 6. Nf3 Nge7 7. O-O O-O 8. c3 d5 9. e5 Rb8 10. a4 a6 11. Be3 d4 12. cxd4 cxd4 13. Bf2 b5 14. axb5 axb5 15. Nbd2 Qb6 16. Ne4 Nd5 17. Qd2 Ba6 18. Rfc1 Rfc8 19. Nd6 Rc7 20. Ng5 Bf8 21. Bxd5 exd5 22. Ndxf7 Rxf7 23. Nxf7 Kxf7 24. f5 Nxe5 25. Qf4 Nxd3 26. Rc7+ Kg8 27. Qf3 Qxc7 28. Qxd3 Bc8 29. fxg6 hxg6 30. Bxd4 Bf5 31. Qf3 Qf7 32. Qf4 Rc8 33. Ra7 Qe6 34. Bc3 Bc5+ 35. Kf1 Bxa7 36. Qh6 d4 37. Bxd4 Bxd4 0-1


[Site "https://www.chess.com"]

[Event "Titled Tuesday Blitz December 06 Early 2022"]
[White "Franca, Ricardo Bedin"]
[Black "Grot, Blazej"]
[WhiteFideId "2107066"]
[BlackFideId "21835845"]
[WhiteElo "2457"]
[BlackElo "1823"]
[Result "1-0"]
[Round "09"]
[TimeControl "180+1"]
[Date "2022.12.07"]
[WhiteClock "0:02:18"]
[BlackClock "0:02:36"]

1. e4 d6 2. d4 Nf6 3. Nc3 c6 4. f4 Qa5 5. Bd3 e5 6. Ne2 exd4 7. Nxd4 Qb6 8. Nb3 Nbd7 9. Qe2 Be7 10. e5 dxe5 11. fxe5 Nd5 12. Nxd5 cxd5 13. Be3 Qe6 14. Bd4 O-O 15. O-O b6 16. Rae1 Bb7 17. Bf5 Qc6 18. e6 Nc5 19. exf7+ Rxf7 20. Bxh7+ Kxh7 21. Qh5+ Kg8 22. Qxf7+ Kh8 23. Qxg7# 1-0


[Site "https://www.chess.com"]

[Event "Titled Tuesday Blitz December 06 Early 2022"]
[White "Gabuzyan, Hovhannes"]
[Black "Rustemov, Alexander"]
[WhiteFideId "13303732"]
[BlackFideId "4119002"]
[WhiteElo "2486"]
[BlackElo "2807"]
[Result "1-0"]
[Round "09"]
[TimeControl "180+1"]
[Date "2022.12.06"]
[WhiteClock "0:00:38"]
[BlackClock "0:00:01"]

1. e4 e6 2. Ne2 d5 3. exd5 exd5 4. d4 Nf6 5. Nbc3 Bd6 6. Bf4 O-O 7. Qd2 Re8 8. O-O-O c6 9. f3 Na6 10. g4 Nc7 11. h4 Bxf4 12. Nxf4 Ne6 13. Bd3 Qd6 14. Nce2 Nxf4 15. Nxf4 Nd7 16. Rde1 Rxe1+ 17. Rxe1 Nf8 18. Re8 Rb8 19. Nh5 h6 20. g5 Bd7 21. Rxb8 Qxb8 22. gxh6 g6 23. Nf6+ Kh8 24. h5 Qd6 25. hxg6 Nxg6 26. Nxd7 Qxd7 27. Bxg6 fxg6 28. Qf4 Kh7 29. Qf8 g5 30. Qf6 g4 31. fxg4 Qxg4 32. b3 Qg1+ 33. Kb2 b6 34. Qxc6 Qxd4+ 35. Qc3 Qg4 36. Qf6 d4 37. a4 a6 38. Qxb6 d3 39. Qa7+ Kxh6 40. Qxa6+ Kh5 41. Qxd3 Qg7+ 42. Qc3 Qg1 43. a5 Kg6 44. a6 Kf5 45. Qa5+ Ke6 46. a7 Qg7+ 47. Ka2 Qg2 48. a8=Q Qxc2+ 49. Ka3 Qc1+ 50. Ka4 Qa1+ 51. Kb5 Qe5+ 52. Ka6 1-0


[Site "https://www.chess.com"]

[Event "Titled Tuesday Blitz December 06 Early 2022"]
[White "Garv Gaur"]
[Black "Yaran, Siar"]
[WhiteFideId "45030839"]
[BlackFideId "6323006"]
[WhiteElo "2056"]
[BlackElo "2191"]
[Result "1-0"]
[Round "09"]
[TimeControl "180+1"]
[Date "2022.12.07"]
[WhiteClock "0:00:19"]
[BlackClock "0:00:01"]

1. d4 d5 2. Nf3 e6 3. c4 Nf6 4. g3 Be7 5. Bg2 O-O 6. O-O dxc4 7. Qc2 a6 8. a4 Bd7 9. Ne5 Bc6 10. Nxc6 Nxc6 11. e3 Na5 12. Nd2 c5 13. dxc5 Rc8 14. b4 cxb3 15. Nxb3 Nxb3 16. Qxb3 Nd7 17. Ba3 Nxc5 18. Bxc5 Rxc5 19. Rfd1 Qc7 20. Qxb7 Qxb7 21. Bxb7 a5 22. Rac1 g6 23. Ba6 Kg7 24. Rb1 Rd8 25. Kf1 Rxd1+ 26. Rxd1 Rc2 27. Rd7 Bb4 28. Ra7 Rc1+ 29. Kg2 Rc2 30. Kf1 Bc5 31. Rb7 Rc1+ 32. Ke2 Bb4 33. Bb5 Kf8 34. Rb8+ Ke7 35. Rb7+ Kf8 36. h3 h5 37. g4 h4 38. Rb8+ Kg7 39. Rb7 Kf8 40. Rd7 Rc2+ 41. Kf1 Rc1+ 42. Kg2 Rc2 43. Rd1 Bc5 44. Kf3 f5 45. Rd8+ Ke7 46. Rg8 Kf6 47. Be8 g5 48. Rg6+ Ke7 49. Bb5 fxg4+ 50. hxg4 h3 51. Rxg5 h2 52. Rh5 Bd6 53. Kg2 Rc1 54. f4 Rc2+ 55. Kg3 Rc3 56. Kf3 Rc2 57. Be2 Bc5 58. Rxh2 Rc3 59. Rh7+ Kd6 60. Bb5 Rxe3+ 61. Kg2 Kd5 62. f5 exf5 63. gxf5 Ke5 64. Bd7 Kf4 65. f6 Re2+ 66. Kf1 Rf2+ 67. Ke1 Kg5 68. f7 Kg6 69. Rh3 Kxf7 70. Bb5 Rf4 71. Rh5 Bb4+ 72. Ke2 Kg6 73. Rd5 Re4+ 74. Kf3 Rh4 75. Ke2 Kf6 76. Kf3 Ke6 77. Rd1 Ke5 78. Rc1 Rh3+ 79. Kg4 Ra3 80. Rc8 Kd4 81. Kf4 Bd2+ 82. Kf5 Rf3+ 83. Ke6 Bb4 84. Rc4+ Ke3 85. Ke5 Rf7 86. Re4+ Kd2 87. Kd4 Rf6 88. Re2+ Kd1 89. Rh2 Rd6+ 90. Kc4 Rg6 91. Bd7 Rf6 92. Bg4+ Ke1 93. Kd3 Rf8 94. Bh5 Rh8 95. Ke3 1-0


[Site "https://www.chess.com"]

[Event "Titled Tuesday Blitz December 06 Early 2022"]
[White "Ghosh, Chanchal Kumer"]
[Black "D`Arruda, Ricardo D."]
[WhiteFideId "10201858"]
[BlackFideId "100692"]
[WhiteElo "2058"]
[BlackElo "2446"]
[Result "0-1"]
[Round "09"]
[TimeControl "180+1"]
[Date "2022.12.07"]
[WhiteClock "0:00:18"]
[BlackClock "0:01:38"]

1. e4 c5 2. Nf3 Nc6 3. d4 cxd4 4. Nxd4 e5 5. Nb5 a6 6. Nd6+ Bxd6 7. Qxd6 Qe7 8. Qxe7+ Ngxe7 9. c3 d5 10. exd5 Nxd5 11. Bc4 Be6 12. Bxd5 Bxd5 13. O-O O-O-O 14. Be3 Kc7 15. Nd2 f5 16. f4 e4 17. Rfd1 Be6 18. Nf1 Rxd1 19. Rxd1 Bxa2 20. g4 g6 21. gxf5 gxf5 22. Ng3 Be6 23. Kf2 h5 24. Ne2 Rd8 25. Rg1 Na5 26. Nd4 Bc8 27. Rg7+ Kb8 28. Rh7 Nc4 29. b3 Nb2 30. Rxh5 Nd1+ 31. Ke2 Nxc3+ 32. Kd2 Nb5 33. h4 Nxd4 34. Bxd4 Rxd4+ 35. Ke2 Rd3 36. Rh8 Rf3 37. h5 Rxf4 38. h6 Rh4 39. Ke3 Kc7 40. h7 Bd7 41. Kd4 Bc6 42. Ke5 e3 43. Kf6 e2 0-1


[Site "https://www.chess.com"]

[Event "Titled Tuesday Blitz December 06 Early 2022"]
[White "Gong, Qianyun"]
[Black "Valle Maytin, Luis Enrique"]
[WhiteFideId "8602425"]
[BlackFideId "3503666"]
[WhiteElo "2199"]
[BlackElo "2225"]
[Result "1-0"]
[Round "09"]
[TimeControl "180+1"]
[Date "2022.12.07"]
[WhiteClock "0:00:15"]
[BlackClock "0:00:02"]

1. e4 c6 2. d4 d5 3. e5 c5 4. c3 Nc6 5. Nf3 Bg4 6. Be2 e6 7. O-O Nge7 8. Be3 Nf5 9. Nbd2 Be7 10. h3 Bxf3 11. Nxf3 h5 12. Qd2 Qb6 13. dxc5 Bxc5 14. Bxc5 Qxc5 15. Bd3 Nfe7 16. b4 Qb6 17. a4 Qc7 18. Rfe1 g6 19. Qf4 Nf5 20. Rac1 Rd8 21. g4 hxg4 22. hxg4 Nh4 23. Nxh4 Rxh4 24. Kg2 Qe7 25. b5 Nb8 26. Rh1 g5 27. Qg3 Rxh1 28. Rxh1 Kd7 29. c4 dxc4 30. Bxc4 Rc8 31. Rd1+ Ke8 32. Be2 Nd7 33. Bf3 Nf8 34. Be4 Rc4 35. Qd3 Rc8 36. Qf3 Nd7 37. Rxd7 Kxd7 38. Bxb7 Rc5 39. Bc6+ Kc7 40. Qe3 Kb6 41. Bf3 Qc7 42. Qe4 Ka5 43. Qe3 Qxe5 44. Qd2+ Qc3 45. Qd7 Qe5 46. Qxa7+ Kb4 47. Qe7 Kxa4 48. b6 Rb5 49. Bc6 Ka5 50. Qa7+ Kb4 51. b7 1-0


[Site "https://www.chess.com"]